 Dungeon Crawl Stone Soup version 0.22.0-5-gf09313c (webtiles) character file.

65 Lew the Covered (level 4, -1/28 HPs)
             Began as a Tengu Fighter on Aug 13, 2018.
             Succumbed to a goblin's poison
             ... on level 2 of the Dungeon.
             The game lasted 00:03:47 (488 turns).

Lew the Covered (Tengu Fighter)                      Turns: 488, Time: 00:03:48

Health: -1/28      AC:  9    Str: 21    XL:     4   Next: 14%
Magic:  5/5        EV:  8    Int:  8    God:
Gold:   11         SH:  9    Dex: 15    Spells: 3/3 levels left

rFire    . . .     SeeInvis .   a - +0 war axe
rCold    . . .     Gourm    .   c - +0 shield
rNeg     . . .     Faith    .   b - +0 scale mail
rPois    .         Spirit   .   (helmet restricted)
rElec    .         Reflect  .   (no cloak)
rCorr    .         Harm     .   l - +1 pair of gloves
MR       .....                  (boots unavailable)
Stlth    +.........             (no amulet)
HPRegen  0.09/turn              (no ring)
MPRegen  0.09/turn              (no ring)

@: mighty, lethally poisoned (-1 -> -36)
A: beak, talons 3
a: no special abilities


You were on level 2 of the Dungeon.
You were not hungry.

You visited 1 branch of the dungeon, and saw 2 of its levels.

You collected 11 gold pieces.

Inventory:

Hand Weapons
 a - a +0 war axe (weapon)
Armour
 b - a +0 scale mail (worn)
 c - a +0 shield (worn)
 h - a +0 chain mail
 l - a +1 pair of gloves (worn)
Scrolls
 e - 3 scrolls of teleportation {unknown}
 g - a scroll of immolation {unknown}
 j - a scroll of fog {unknown}
 m - a scroll of remove curse {unknown}
Potions
 d - a potion of might
 i - a potion of flight {unknown}
 k - a potion of curing {unknown}
Comestibles
 f - 4 rations


   Skills:
 * Level 3.4 Fighting
 * Level 2.9 Axes
 + Level 3.5 Armour
 * Level 1.4 Dodging
 * Level 1.5 Stealth
 + Level 3.2 Shields


You had 3 spell levels left.
You didn't know any spells.
Your spell library was empty.

Dungeon Overview and Level Annotations

Branches:
Dungeon (2/15)

Altars:
Makhleb


Innate Abilities, Weirdness & Mutations

You have a beak for a mouth.
You have claws for feet.


Message History

The goblin hits you but does no damage.
You are more poisoned.
The adder closely misses you. The kobold hits you but does no damage.
Your shield and scale mail prevent you from hitting the adder.
Your kick misses the adder.
The adder is almost dead.
You closely miss the goblin. You barely miss the kobold.
* * * LOW HITPOINT WARNING * * *
You feel very sick. The adder barely misses you. The goblin barely misses you.
You block the kobold's attack. The adder bites you but does no damage.
The goblin barely misses you.
Your shield prevents you from hitting the adder.
Your kick misses the adder. You peck the adder.
You kill the adder!
You have reached level 4!
You feel agile.
You hit the kobold but do no damage. You barely miss the orc.
You closely miss the goblin.
You die...

#..........#
#..........#
##........##
#........_.#
#..........#
#..........##
#............
#....oKo...##
##...@)o.o...
##...g>.####
######..# ..#
#


You could see 4 orcs, a goblin and a kobold.

Vanquished Creatures
  An orc wizard (D:2)
  2 adders (D:2)
  An ooze (D:1)
  A dart slug (D:1)
  A leopard gecko (D:1)
  3 goblins
  2 hobgoblins (D:1)
  2 kobolds (D:1)
  3 bats (D:1)
  2 frilled lizards (D:1)
  A rat (D:1)
19 creatures vanquished.

Notes
Turn   | Place    | Note
-------+----------+-------------------------------------------
     0 | D:1      | Lew the Tengu Fighter began the quest for the Orb.
     0 | D:1      | Reached XP level 1. HP: 14/14 MP: 2/2
    20 | D:1      | Reached XP level 2. HP: 16/19 MP: 3/3
   259 | D:1      | Reached skill level 1 in Stealth
   403 | D:1      | Reached skill level 1 in Dodging
   451 | D:2      | Found a burning altar of Makhleb.
   458 | D:2      | Reached XP level 3. HP: 19/23 MP: 4/4
   487 | D:2      | HP: 1/23 [poisoned by a goblin]
   488 | D:2      | Reached XP level 4. HP: 2/28 MP: 5/5
   488 | D:2      | Succumbed to a goblin's poison

Skill      XL: |  1  2 |
---------------+-------+-----
Stealth        | 1 |  1.5
Dodging        | 1 |  1.4
Fighting       | |  3.4
Axes           | |  2.9
Armour         | |  3.5
Shields        | |  3.2

Action                   |  1- 3 |  4- 6 || total
-------------------------+-------+-------++-------
Melee: War axe           |    39 |       ||    39
       Kick              |     6 |       ||     6
       Peck              |     3 |       ||     3
  Use: Potion            |     1 |       ||     1
Armor: Scale mail        |    24 |       ||    24
Dodge: Dodged            |    22 |       ||    22
Block: Shield            |    22 |       ||    22
